 Dungeon Crawl Stone Soup version 0.29.1-13-g9f3cf754e1 (webtiles) character file.

Game seed: 4850969246845851702

698 MisterFreud the Cudgeller (level 7, -3/45 (50) HPs)
             Began as a Formicid Gladiator on Feb 6, 2023.
             Slain by a wight
             ... wielding a +0 dire flail
              (12 damage)
             ... on level 7 of the Dungeon.
             The game lasted 00:06:10 (6135 turns).

MisterFreud the Cudgeller (Formicid Gladiator)      Turns: 6135, Time: 00:06:11

HP:   -3/45 (50)    AC:  9    Str: 20    XL:     7   Next: 97%
MP:   7/7           EV:  8    Int:  8    God:
Gold: 176           SH:  0    Dex: 15    Spells: 6/6 levels left

rFire   . . .      SeeInvis +   m - +0 lajatang
rCold   . . .      Faith    .   (no shield)
rNeg    . . .      Spirit   .   o - +0 chain mail
rPois   .          Reflect  .   (helmet unavailable)
rElec   .          Harm     .   (no cloak)
rCorr   .          Rampage  .   (no gloves)
Will    .....                   (no boots)
Stlth   ..........              (no amulet)
HPRegen 0.15/turn               (no ring)
MPRegen 0.10/turn               (no ring)

@: confused, ambrosia-drunk, heavily drained
A: permanent stasis, dig shafts and tunnels, antennae 3, four strong arms
a: Dig, Shaft Self


You were on level 7 of the Dungeon.
You visited 1 branch of the dungeon, and saw 7 of its levels.

You collected 176 gold pieces.

Inventory:

Hand Weapons
 a - a +1 quarterstaff
 m - a +0 lajatang (weapon)
Missiles
 c - 7 throwing nets (quivered)
 d - 4 javelins
 k - 2 poisoned darts
Armour
 b - a +0 leather armour
 o - a +0 chain mail (worn)
Wands
 s - a wand of iceblast (13)
Scrolls
 e - 2 scrolls of teleportation
 r - a scroll of fog
Potions
 f - a potion of attraction
 g - a potion of curing
 h - 3 potions of might
 l - a potion of haste {unknown}
 n - a potion of brilliance {unknown}
 q - a potion of mutation {unknown}
 u - a potion of cancellation {unknown}


   Skills:
 - Level 2.1 Fighting
 + Level 5.3(6.1) Maces & Flails
 - Level 4.7(5.9) Staves
 - Level 2.0 Throwing
 - Level 5.0 Armour
 - Level 2.6 Dodging


You had 6 spell levels left.
You didn't know any spells.
Your spell library contained the following spells:

 Spells                   Type           Power      Damage    Failure   Level
 Apportation              Tloc           0%         N/A       99%         1
 Necrotise                Necr           0%         1d4       99%         1
 Summon Small Mammal      Summ           0%         N/A       99%         1
 Ensorcelled Hibernation  Hex/Ice        0%         N/A       99%         2
 Passwall                 Tmut/Erth      0%         N/A       99%         2
 Static Discharge         Conj/Air       0%         3-3/arc   99%         2
 Dispel Undead            Necr           0%         3d6       100%        4
 Sticky Flame             Conj/Fire      0%         2d3       100%        4
 Swiftness                Air            Unusable   N/A       N/A         3

Dungeon Overview and Level Annotations

Branches:
Dungeon (8/15)
 Temple: D:4-7         Lair: D:8-11

Altars:
Hepliaklqana
Nemelex Xobeh
Lugonu

Shops:
D:2 (

Portals:
Abyss: D:3


Innate Abilities, Weirdness & Mutations

You cannot be hasted, slowed, berserked, paralysed or teleported.
You can dig through walls and to a lower floor.
You have a pair of large antennae on your head. (SInv)
Your four strong arms can wield two-handed weapons with a shield.


Message History

The yak snorts and paws the ground.
A wight comes into view. It is wielding a +0 battleaxe.
Found a ring mail.
Found an escape hatch in the ceiling.
The bullfrog attacks as you move away! The bullfrog hits you.
The bullfrog attacks as you move away! The bullfrog barely misses you.
The bullfrog closely misses you. The bullfrog hits you.
The bullfrog hits you but does no damage.
Found a thin fluorescent amulet.
There is an escape hatch in the ceiling here.
The bullfrog hits you. The bullfrog hits you!
A mysterious force pulls you upwards. The hatch slams shut behind you.
Found a scroll of fog.
The wight attacks as you move away! The wight hits you with a +0 scimitar!
You feel drained. The wight closely misses you.
The bullfrog hits you but does no damage.
The bullfrog attacks as you move away! The bullfrog hits you.
* * * LOW HITPOINT WARNING * * *
The wight throws a stone.
The stone hits you.
* * * LOW HITPOINT WARNING * * *
The bullfrog hits you but does no damage.
It was a potion of ambrosia.
You are confused.
You feel invigorated. The wight hits you but does no damage.
The bullfrog hits you but does no damage.
The bullfrog hits you.
* * * LOW HITPOINT WARNING * * *
You're too confused to move!
The wight hits you with a +0 scimitar.
The bullfrog hits you but does no damage.
You miss the bullfrog. The bullfrog hits you.
The wight hits you with a +0 scimitar.
* * * LOW HITPOINT WARNING * * *
You feel drained.
* * * LOW HITPOINT WARNING * * *
The bullfrog hits you.
* * * LOW HITPOINT WARNING * * *
The wight attacks as you move away!
The wight hits you with a +0 dire flail!
You die...

.?. ##'##
#.##...#
##..#...########
........+......#
####....######.#
#....# #.#
###.z## #.#
##Wz### #.#
#zF@.###)#
####.....#
##....# ####(#
#))# #...#>#
#.#.### .. # ..


You could see a phantom, a bullfrog and 3 wights.

Vanquished Creatures
  A hornet (D:7)
  A phantom (D:4)
  A necrophage (D:7)
  A kobold brigand (D:7)
  A howler monkey (D:4)
  Ijyb (D:4)
  An orc wizard (D:4)
  4 gnolls (D:4)
  4 adders
  4 worms
  4 dart slugs
  7 orcs
  9 endoplasms
  4 giant cockroaches
  8 goblins
  5 hobgoblins
  8 jackals
  4 quokkas
  4 ball pythons
  3 bats
  5 frilled lizards
  15 kobolds
  4 rats
99 creatures vanquished.

Vanquished Creatures (others)
  2 goblins (D:6)
2 creatures vanquished.

Grand Total: 101 creatures vanquished

Notes
Turn   | Place    | Note
-------+----------+-------------------------------------------
     0 | D:1      | MisterFreud the Formicid Gladiator began the quest for the
                  | Orb.
     0 | D:1      | Reached XP level 1. HP: 16/16 MP: 1/1
    98 | D:1      | Reached XP level 2. HP: 22/22 MP: 2/2
   717 | D:1      | Reached XP level 3. HP: 24/27 MP: 3/3
  1454 | D:2      | Found Liruewnidee's Weapon Shop.
  1486 | D:2      | Reached XP level 4. HP: 15/33 MP: 4/4
  1755 | D:2      | Reached skill level 1 in Maces & Flails
  2247 | D:2      | Found a faded altar of an unknown god.
  2705 | D:3      | Found a hazy altar of Hepliaklqana.
  2758 | D:3      | Found a one-way gate to the infinite horrors of the Abyss.
  2982 | D:3      | Reached XP level 5. HP: 38/38 MP: 5/5
  3044 | D:3      | Found a large runed translucent door.
  3044 | D:3      | Found a large runed translucent door.
  3048 | D:3      | Found a corrupted altar of Lugonu.
  3618 | D:4      | Noticed Ijyb
  3645 | D:4      | Killed Ijyb
  3646 | D:4      | Reached skill level 1 in Armour
  3765 | D:4      | Noticed a phantom
  3794 | D:4      | Killed a phantom
  3795 | D:4      | Reached XP level 6. HP: 30/44 MP: 6/6
  4724 | D:4      | You fall into a shaft and drop 3 floors!
  5017 | D:6      | Found a sparkling altar of Nemelex Xobeh.
  5386 | D:6      | You fall into a shaft and drop 1 floor!
  5588 | D:7      | Reached XP level 7. HP: 14/50 MP: 7/7
  5827 | D:7      | Noticed a hornet
  5835 | D:7      | Killed a hornet
  5836 | D:7      | Reached skill level 5 in Maces & Flails
  5836 | D:7      | Reached skill level 5 in Armour
  5838 | D:7      | You fall into a shaft and drop 1 floor!
  6105 | D:8      | Noticed a yak
  6110 | D:8      | Noticed a yak
  6110 | D:8      | Noticed a yak
  6135 | D:7      | Slain by a wight

Illustrated notes

Levels and vault maps discovered:
D:1:      scummos_arrival_simple_crosswalls, layout_loops_ring,
          nicolae_wormholes
D:2:      layout_basic, shapermc_ecumenical_altar_acropolis, serial_shops,
          nicolae_shop_advertising_works [nicolae_subvault_shop_adworks]
D:3:      due_chaos_kobolds, layout_basic, mainiacjoe_overflow_cross_hatched
D:4:      layout_loops_corners, mainiacjoe_overflow_tiny_flanked,
          minmay_misc_feat_secret_circle, uniq_ijyb
D:6:      minmay_goblin_kobold_castle, layout_loops_ring,
          mainiacjoe_overflow_24_doors, lemuel_round_altar,
          gammafunk_temple_overflow_pools, mainiacjoe_overflow_surrounded_room,
          uniq_eustachio
D:7:      layout_basic, mainiacjoe_overflow_swirl
D:8:      layout_cave_pools, biasface_ghost_orc_armoury

Skill      XL: |  1  2  3  4  5  6  7 |
---------------+----------------------+-----
Staves         | 4 |  4.7
Maces & Flails | 1 3 4 5 |  5.3
Armour         | 2 4 5 |  5.0
Fighting       | |  2.1
Throwing       | |  2.0
Dodging        | |  2.6

Action                   |  1- 3 |  4- 6 |  7- 9 || total
-------------------------+-------+-------+-------++-------
Melee: Quarterstaff      |    93 |   193 |       ||   286
       Lajatang          |       |    26 |    11 ||    37
       Punch             |       |     1 |       ||     1
 Abil: Shaft Self        |       |     2 |     1 ||     3
Evoke: Wand              |       |       |     2 ||     2
  Use: Scroll            |     6 |     5 |     2 ||    13
       Potion            |       |       |     2 ||     2
Armor: Leather armour    |    18 |     9 |       ||    27
       Chain mail        |       |    91 |    12 ||   103
Dodge: Dodged            |    47 |   103 |    10 ||   160
